 Dungeon Crawl Stone Soup version 0.26-a0-651-gb41185065b (webtiles) character file.

Game seed: 18205629356890371274

8084 raph the Grappler (level 11, -12/111 HPs)
             Began as a Troll Berserker on Oct 19, 2020.
             Was a High Priest of Trog.
             Killed from afar by an ice dragon (45 damage)
             ... with a blast of cold
             ... on level 9 of the Dungeon.
             The game lasted 00:20:37 (8972 turns).

raph the Grappler (Troll Berserker)                 Turns: 8972, Time: 00:20:37

Health: -12/111    AC: 15    Str: 31    XL:     11   Next: 5%
Magic:  10/10      EV: 14    Int:  3    God:    Trog [*****.]
Gold:   121        SH:  0    Dex: 15    Spells: 10/10 levels left

rFire    + . .     SeeInvis .     - Unarmed
rCold    . . .     Faith    +   (no shield)
rNeg     . . .     Spirit   .   w - +2 robe "Corusiott" {+Blink +Inv Stlth+}
rPois    .         Reflect  .   (helmet restricted)
rElec    .         Harm     .   b - +2 cloak
rCorr    .         Rampage  .   (gloves unavailable)
MR       .....                  (boots unavailable)
Stlth    +++.......             z - amulet of faith
HPRegen  0.68/turn              d - ring "Aguent" {rF+ Str+4 Dex+3}
MPRegen  0.12/turn              y - +4 ring of protection

@: no status effects
A: large, unfitting armour, claws 3, regeneration 1, shaggy fur 1, tough skin 3
a: Berserk, Trog's Hand, Brothers in Arms, Renounce Religion, Evoke Blink, Evoke
Invisibility


You were on level 9 of the Dungeon.
You worshipped Trog.
Trog was extremely pleased with you.
You visited 1 branch of the dungeon, and saw 9 of its levels.

You collected 535 gold pieces.
You spent 414 gold pieces at shops.

Inventory:

Missiles
 o - 2 curare-tipped darts (quivered)
 p - 20 poisoned darts
 x - 2 boomerangs
Armour
 a - a +1 animal skin
 b - a +2 cloak (worn)
 w - the +2 robe "Corusiott" (worn) {+Blink +Inv Stlth+}
   (You bought it in a shop on level 9 of the Dungeon)

   It lets you turn invisible.
   It lets you blink.
   It makes you more stealthy.
Jewellery
 c - an uncursed amulet of guardian spirit
 d - the ring "Aguent" (left claw) {rF+ Str+4 Dex+3}
   (You acquired it on level 6 of the Dungeon)

   [ring of protection from fire]

   It affects your strength (+4).
   It affects your dexterity (+3).
   It protects you from fire.
 t - an uncursed ring of see invisible
 y - a +4 ring of protection (right claw)
 z - an amulet of faith (around neck)
Wands
 s - a wand of flame (18)
Scrolls
 h - a scroll of enchant armour
 n - 11 scrolls of teleportation
 q - 5 scrolls of remove curse
Potions
 e - a potion of resistance
 f - a potion of stabbing
 g - 2 potions of magic
 i - 2 potions of lignification
 j - a potion of invisibility
 k - 3 potions of haste {unknown}
 l - 3 potions of heal wounds
 m - 3 potions of curing {unknown}
 r - a potion of brilliance
 u - 4 potions of flight {unknown}
 v - 2 potions of cancellation {unknown}


   Skills:
 + Level 8.0 Fighting
 + Level 3.9 Throwing
 + Level 6.6 Dodging
 + Level 1.7 Stealth
 * Level 11.4 Unarmed Combat
 * Level 0.9 Evocations


You had 10 spell levels left.
You didn't know any spells.
Your spell library was empty.

Dungeon Overview and Level Annotations

Branches:
Dungeon (9/15)             Temple (0/1) D:7            Lair (0/6) D:9
    Orc (0/2) D:9

Altars:
Cheibriados
Dithmenos
Gozag
Kikubaaqudgha
Makhleb
Okawaru
Qazlal
Ru
Sif Muna
Uskayaw
Vehumet
Xom
Yredelemnul
The Shining One

Shops:
D:9 [


Innate Abilities, Weirdness & Mutations

You are too large for most types of armour.
You have claws for hands.
Your natural rate of healing is unusually fast.
You are covered in fur. (AC +1)
You have extremely tough skin. (AC +3)


Message History

The ice dragon closely misses you.
You scratch the ice dragon but do no damage.
The ice dragon is severely wounded.
The bullfrog closely misses you. The ice dragon bites you.
The ice dragon closely misses you.
The ice dragon tramples you but does no damage.
You mangle the ice dragon!! Your claw misses the ice dragon.
The ice dragon is almost dead.
The bullfrog barely misses you.
You scratch the ice dragon but do no damage.
You claw the ice dragon, but do no damage.
The ice dragon is almost dead.
The bullfrog hits you! The ice dragon breathes frost at you.
The blast of cold hits you!!!
* * * LOW HITPOINT WARNING * * *
The bullfrog closely misses you. The ice dragon breathes frost at you.
The blast of cold hits you!!!
You die...

#..# ##.# ####.# ###
#.†..# #≈≈≈ #.#### ≈≈≈≈≈
#.## ######≈≈≈≈≈ #..#
####=$.≈≈≈≈≈≈≈ ##.######
##..F....≈≈≈≈≈≈
#......#####@..D....≈≈≈≈≈≈
######.............≈≈≈≈≈≈≈
#####.........≈≈≈≈$$≈
###......≈≈≈..$$[
##....≈≈≈....!)
###..≈≈≈≈....?
####≈≈≈##### #####


You could see an ice dragon (catching breath) and a bullfrog.

Vanquished Creatures
  3 death yaks (D:9)
  Maurice (D:8)
  A gargoyle (D:9)
  A hornet (D:8)
  3 hippogriffs (D:9)
  6 yaks
  2 porcupines (D:9)
  2 sky beasts
  5 orc warriors
  A black bear (D:7)
  3 ice beasts
  3 phantoms
  5 ogres
  A necrophage (D:8)
  2 centaurs
  A big kobold (D:8)
  A gnoll sergeant (D:9)
  A bullfrog (D:7)
  2 scorpions (D:9)
  4 killer bees (D:9)
  A howler monkey (D:4)
  8 electric eels (D:9)
  A bullfrog zombie (D:9)
  A crimson imp (D:5)
  A jelly (D:8)
  2 bullfrog skeletons
  4 orc priests
  3 hounds
  A gnoll shaman (D:8)
  Natasha (twice) (D:2)
  6 worker ants
  3 orc wizards
  A hound skeleton (D:8)
  2 hound zombies
  A worker ant zombie (D:7)
  14 gnolls
  A howler monkey skeleton (D:6)
  9 adders
  2 river rats (D:9)
  5 shadow imps
  2 ufetubi
  3 oozes
  2 adder skeletons (D:8)
  5 worms
  2 leopard geckos
  30 orcs
  10 bats
  3 giant cockroaches
  2 goblins
  10 hobgoblins
  8 jackals
  12 kobolds
  3 quokkas
  8 frilled lizards
  A jackal skeleton (D:9)
  6 rats
223 creatures vanquished.

Vanquished Creatures (others)
  An orc (D:9)
  75 plants (D:9)
76 creatures vanquished.

Grand Total: 299 creatures vanquished

Notes
Turn   | Place    | Note
-------+----------+-------------------------------------------
     0 | D:1      | raph the Troll Berserker began the quest for the Orb.
     0 | D:1      | Reached XP level 1. HP: 22/22 MP: 0/0
    79 | D:1      | Reached XP level 2. HP: 25/29 MP: 1/1
   695 | D:2      | Reached XP level 3. HP: 36/36 MP: 2/2
   832 | D:2      | Reached ** piety under Trog
   861 | D:2      | Found an ancient bone altar of Kikubaaqudgha.
   935 | D:2      | Found a shimmering blue altar of Sif Muna.
  1017 | D:2      | Noticed Natasha
  1024 | D:2      | Killed Natasha
  1024 | D:2      | Reached skill level 4 in Unarmed Combat
  1024 | D:2      | Reached XP level 4. HP: 44/44 MP: 3/3
  1056 | D:2      | Found an iron altar of Okawaru.
  1339 | D:2      | Noticed Natasha
  1348 | D:2      | Killed Natasha
  1348 | D:2      | Reached XP level 5. HP: 47/53 MP: 2/4
  1682 | D:3      | Found a shimmering altar of Xom.
  2041 | D:3      | Reached *** piety under Trog
  2248 | D:3      | Reached skill level 5 in Unarmed Combat
  2587 | D:4      | Noticed a phantom
  2597 | D:4      | Killed a phantom
  2597 | D:4      | Reached XP level 6. HP: 53/61 MP: 3/5
  2969 | D:4      | Reached skill level 6 in Unarmed Combat
  3227 | D:5      | Entered Level 5 of the Dungeon
  3240 | D:5      | Found a hide-covered altar of Uskayaw.
  3261 | D:5      | You fall into a shaft and drop 1 floor!
  3539 | D:5      | Reached XP level 7. HP: 63/67 MP: 4/6
  3623 | D:5      | Found a sacrificial altar of Ru.
  3670 | D:5      | Reached skill level 7 in Unarmed Combat
  3864 | D:5      | Found a burning altar of Makhleb.
  3865 | D:5      | Found a radiant altar of Vehumet.
  3875 | D:5      | Reached skill level 1 in Stealth
  4110 | D:5      | Found an opulent altar of Gozag.
  4660 | D:6      | Reached XP level 8. HP: 67/78 MP: 7/7
  4680 | D:6      | Identified a scroll of acquirement
  4680 | D:6      | Acquired the ring "Aguent" {rF+ Str+4 Dex+3}
  4977 | D:6      | Found a snail-covered altar of Cheibriados.
  5042 | D:7      | Found a stormy altar of Qazlal.
  5061 | D:7      | Reached skill level 8 in Unarmed Combat
  5100 | D:7      | Found a glowing golden altar of the Shining One.
  5133 | D:7      | Reached **** piety under Trog
  5268 | D:7      | Reached skill level 5 in Fighting
  5420 | D:7      | Found a staircase to the Ecumenical Temple.
  5477 | D:7      | Reached skill level 5 in Dodging
  5694 | D:8      | Noticed Maurice
  5744 | D:7      | Reached skill level 9 in Unarmed Combat
  5744 | D:7      | Reached XP level 9. HP: 88/88 MP: 8/8
  6051 | D:8      | Paralysed by a hornet for 1 turns
  6338 | D:8      | Found a basalt altar of Yredelemnul.
  6994 | D:8      | Killed Maurice
  6994 | D:8      | Reached skill level 1 in Throwing
  6994 | D:8      | Reached skill level 10 in Unarmed Combat
  7131 | D:9      | Reached XP level 10. HP: 58/102 MP: 1/9
  7144 | D:9      | HP: 5/153 [electric eel/bolt of electricity (4)]
  7563 | D:9      | Noticed a death yak
  7564 | D:9      | Noticed a death yak
  7570 | D:9      | Noticed a death yak
  7579 | D:9      | Killed a death yak
  7583 | D:9      | Killed a death yak
  7669 | D:9      | Found Tytz's Armour Emporium.
  7757 | D:9      | Reached skill level 11 in Unarmed Combat
  7824 | D:9      | Killed a death yak
  7870 | D:9      | Found a shadowy altar of Dithmenos.
  7947 | D:9      | Found Guol's Weapon Emporium.
  7951 | D:9      | Found a staircase to the Orcish Mines.
  8196 | D:9      | Bought the +2 robe "Corusiott" {+Blink +Inv Stlth+} for 414
                  | gold pieces
  8302 | D:9      | Found a staircase to the Lair.
  8335 | D:9      | Noticed a gargoyle
  8361 | D:9      | Killed a gargoyle
  8362 | D:9      | Reached XP level 11. HP: 38/111 MP: 10/10
  8637 | D:9      | Reached ***** piety under Trog
  8955 | D:9      | Noticed an ice dragon
  8972 | D:9      | Killed from afar by an ice dragon

Illustrated notes

Levels and vault maps discovered:
D:1:      dpeg_arrival_rooms_c, layout_loops_ring, minmay_cut_off
D:2:      layout_loops_ring, lemuel_crystal_altar, lemuel_round_altar,
          okawaru_gym_becter, uniq_natasha
D:3:      minmay_evil_eye, layout_basic, marbit_many_paths
D:4:      layout_cave_pods, kennysheep_generic_room_13
D:5:      layout_basic, grunt_temple_overflow_lords_of_destruction,
          eat_drink_and_be_merry_uskayaw, grunt_gozag_breadcrumbs, basic_altar
D:6:      layout_cave_pods, kennysheep_little_box
D:7:      layout_cave_pools, old_standard_altar, old_standard_altar,
          minmay_temple_entry_from_below_a
D:8:      layout_basic, kennysheep_mini, uniq_maurice
D:9:      dragon1_lemuel, layout_long_grid, nicolae_dithmenos_the_darkroom,
          dpeg_lair_monsters, orc_david_3, serial_bayou, serial_bayou_pond_b,
          serial_bayou_pond_a, serial_bayou_lagoon_a, serial_bayou_lake_a,
          serial_shops, nicolae_shop_waterfront

Skill      XL: |  1  2  3  4  5  6  7  8  9 10 |
---------------+-------------------------------+-----
Unarmed Combat | 4 5 6 7 9 10 11 | 11.4
Dodging        | 3 4 5 6 |  6.6
Fighting       | 3 5 7 8 |  8.0
Stealth        | 1 |  1.7
Throwing       | 2 3 |  3.9
Evocations     | |  0.9

Action                   |  1- 3 |  4- 6 |  7- 9 | 10-12 || total
-------------------------+-------+-------+-------+-------++-------
Melee: Unarmed           |    76 |   138 |   239 |   136 ||   589
       Punch             |     2 |     1 |    16 |    12 ||    31
Throw: Dart              |       |       |     2 |    10 ||    12
Invok: Berserk           |       |     4 |    11 |     4 ||    19
       Trog's Hand       |       |       |     2 |     3 ||     5
Evoke: Wand              |       |       |       |     2 ||     2
  Use: Scroll            |       |    14 |     8 |     4 ||    26
       Potion            |       |       |       |     2 ||     2
 Stab: Sleeping          |     1 |     1 |     3 |       ||     5
       Distracted        |       |       |       |     1 ||     1
Armor: Animal skin       |    33 |    56 |    63 |    30 ||   182
       Robe              |       |       |       |    15 ||    15
Dodge: Dodged            |    31 |    46 |   129 |    84 ||   290

Table legend: (Time is in decaauts)
 A = Elapsed time spent in this place.
 B = Non-inter-level travel time spent in this place.
 C = Inter-level travel time spent in this place.
 D = Time resting spent in this place.
 E = Time spent auto-exploring this place.
 F = Levels seen in this place.
 G = Mean time per level.
                   A        B        C        D        E       F      G
               +--------+--------+--------+--------+--------+-----+--------+
         Total |   9066 |   8702 |    364 |   1805 |   5103 |   9 | 1007.3 |
       Dungeon |   9066 |   8702 |    364 |   1805 |   5103 |   9 | 1007.3 |
               +--------+--------+--------+--------+--------+-----+--------+

Top non-repeatable levels by time:
     D:9: 1659 daAuts
     D:8: 1582 daAuts
     D:3: 1135 daAuts
     D:5: 1045 daAuts
     D:7: 778 daAuts
     D:6: 759 daAuts
     D:2: 722 daAuts
     D:4: 695 daAuts
     D:1: 688 daAuts
